Map: 카이로스 정션 - 래더

Players

llllllllllll (Trap) - Winner!

  • Race: Protoss Protoss
  • League: Master
  • Spawn Location: 11:00

Bunny

  • Race: Terran Terran
  • Spawn Location: 5:00

VOD

Have the link to the VOD?

Description

Time

  • Played on: Aug. 8, 2019, 8:33 a.m.
  • Length: 5:44
Show
View Real Time Build Order
Export as new Build Order

llllllllllll Protoss - Winner!

Build Orders: 1 Gate Expand, Oracle Opening 

Get SALT Encoding   

  12  0:00  Probe  
  13  0:12  Probe  
  14  0:18  Pylon  
  14  0:24  Probe  
  15  0:32  Probe  
  15  0:37  Gateway  
  15  0:40  Probe  
  16  0:46  Assimilator  
  17  0:50  Probe  
  18  1:03  Probe  
  19  1:15  Probe  
  20  1:27  Nexus  
  20  1:33  Cybernetics Core  
  20  1:35  Probe  
  21  1:40  Assimilator  
  21  1:47  Probe  
  21  1:51  Pylon  
  22  1:59  Adept, Probe  
  23  2:11  Probe  
  23  2:14  Warp Gate  
  26  2:20  Adept  
  26  2:23  Probe  
  26  2:29  Stargate  
  29  2:35  Probe  
  29  2:36  Probe  
  30  2:43  Probe  
  30  2:48  Probe  
  30  2:49  Adept  
  34  2:58  Probe  
  34  3:00  Probe  
  34  3:02  Oracle  
  36  3:06  Pylon  
  36  3:10  Probe  
  36  3:12  Probe  
  41  3:19  Stalker  
  43  3:22  Probe  
  43  3:24  Probe  
  45  3:34  Probe  
  45  3:36  Probe  
  45  3:39  Oracle  
  48  3:47  Probe  
  47  3:48  Probe  
  47  3:53  Gateway x2  
  47  4:00  Probe x2  
  47  4:13  Probe x2  
  50  4:17  Pylon  
  50  4:19  Phoenix  
  50  4:20  Pylon  
  50  4:24  Stalker  
  52  4:25  Probe  
  52  4:26  Probe  
  53  4:37  Probe  
  53  4:39  Probe  
  53  4:48  Stalker  
  53  4:49  Stalker x2, Probe  
  58  4:58  Probe  
  59  5:01  Probe  
  60  5:10  Probe  
  60  5:13  Probe  
  62  5:16  Adept x3  
  68  5:27  Probe x2  
Show
View Real Time Build Order
Export as new Build Order

Bunny Terran 

Build Orders: Gas First Reaper Expand, Hellion Opening 

Get SALT Encoding   

  12  0:00  SCV  
  13  0:12  SCV  
  14  0:16  Supply Depot  
  14  0:25  SCV  
  15  0:29  Refinery  
  15  0:38  SCV  
  16  0:44  Barracks  
  16  0:50  SCV  
  17  1:02  SCV  
  18  1:14  SCV  
  19  1:31  Orbital Command  
  19  1:32  Reaper  
  20  1:47  Command Center  
  20  1:53  Factory  
  20  1:56  SCV  
  21  2:04  Supply Depot  
  21  2:08  Barracks Reactor  
  21  2:09  SCV  
  21  2:15  Refinery  
  22  2:21  SCV  
  23  2:33  SCV  
  24  2:44  Starport  
  24  2:46  SCV  
  24  2:49  Hellion x2  
  29  2:51  Marine  
  29  2:58  SCV  
  31  2:59  Orbital Command  
  31  3:05  Orbital Command  
  31  3:09  Marine  
  31  3:10  Hellion  
  34  3:13  Hellion  
  34  3:15  SCV  
  37  3:24  Medivac  
  39  3:28  Marine  
  39  3:31  Hellion  
  41  3:35  Hellion  
  41  3:36  SCV  
  41  3:38  SCV  
  45  3:48  SCV  
  45  3:50  SCV  
  45  3:54  Supply Depot  
  45  3:55  Viking  
  46  4:06  Hellion  
  46  4:13  SCV  
  46  4:15  SCV, Marine  
  46  4:16  Hellion  
  50  4:20  Supply Depot  
  50  4:26  SCV  
  50  4:27  Viking  
  50  4:28  SCV  
  54  4:42  SCV x2, Supply Depot  
  54  4:43  Factory Tech Lab  
  56  4:47  Marine x2  
  56  4:56  SCV x2  
  47  5:00  Bunker  
  47  5:02  Siege Tank  
  47  5:04  Marine  
  47  5:05  Marine  
  52  5:09  Command Center  
  55  5:17  SCV x2  
  57  5:23  Marine x2  
Tags
 
Add a new tag
Caveats
  • Supply blocks, unpowered buildings, or Contaminate may cause inaccurate times.
  • Supply counts are checked every 10 seconds.